 Dungeon Sprint DCSS version 0.31-a0-750-gfe7b580527 (webtiles) character file.

Game seed: 14293515473243668215

14 rocky1 the Changeling (level 2, -2/26 HPs)
             Began as a Troll Shapeshifter on Sept 15, 2023.
             Slain by an iguana (13 damage)
             ... in the Dungeon (Sprint IX: "|||||||||||||||||||||||||||||").
             The game lasted 00:00:12 (45 turns).

rocky1 the Changeling (Troll Shapeshifter)            Turns: 45, Time: 00:00:13

Health: -2/26      AC:  4    Str: 21    XL:     2   Next: 31%
Magic:  1/1        EV:  9    Int:  6    God:
Gold:   0          SH:  0    Dex:  9    Spells: 1/1 levels left

rFire   . .          .
                       - Unarmed
rCold   . . .        (no shield)
rNeg    . . .        a - +0 animal skin
rPois   .            (helmet currently unavailable)
rElec   .            (cloak currently unavailable)
rCorr   .            (gloves unavailable)
SInv    .            (boots unavailable)
Will    .....        (no amulet)
Stlth   +            (no ring)
HPRegen 1.04/turn    (no ring)
MPRegen 0.07/turn

%: no teleportation
@: beast-form
A: beast (slay +2), large, unfitting armour, claws 3, regeneration 1, shaggy fur
1, tough skin 1
a: Begin Untransformation


You were in the Dungeon.
You were a hulking beast.
You visited 1 branch

Inventory:

Armour
 a - a +0 animal skin (worn)
Talismans
 c - a beast talisman (active)
 d - a flux talisman
Scrolls
 j - a scroll of blinking
Potions
 b - a potion of lignification
 e - a potion of curing
 f - a potion of heal wounds
 g - a potion of haste
 h - 2 potions of magic
 i - a potion of berserk rage


   Skills:
 + Level 0.8 Fighting
 + Level 1.8 Dodging
 + Level 3.8 Unarmed Combat
 + Level 4.6 Shapeshifting


You had one spell level left.
You didn't know any spells.
Your spell library was empty.

Dungeon Overview and Level Annotations

Branches:
Dungeon (1/1)

Altars:


Innate Abilities, Weirdness & Mutations

You are a hulking beast.
Your limbs bulge with bestial killing power. (Slay +2)
You are too large for most types of armour.
You have claws for hands.
Your natural rate of healing is unusually fast.
You are covered in fur. (AC +1)
You have tough skin. (AC +1)


Message History

You feel sick. The adder bites you but does no damage.
You closely miss the adder.
The adder is almost dead.
You feel sick. The adder bites you.
You closely miss the adder.
The adder is almost dead.
You feel sick.
You are no longer poisoned.
The adder bites you.
You are poisoned.
The adder poisons you! The adder bites you but does no damage.
You claw the adder!
You kill the adder!
You feel sick.
You have reached level 2!
Unknown command.
You barely miss the iguana. Your claw misses the iguana.
You feel sick. The iguana bites you!
* * * LOW HITPOINT WARNING * * *
You closely miss the iguana.
You feel sick. The iguana bites you.
* * * LOW HITPOINT WARNING * * *
You barely miss the iguana.
You feel sick.
You are no longer poisoned.
The iguana bites you but does no damage.
Unknown command.
You closely miss the iguana. The iguana barely misses you.
You scratch the iguana.
The iguana is lightly wounded.
The iguana closely misses you.
You closely miss the iguana.
The iguana is lightly wounded.
The iguana misses you.
You scratch the iguana.
The iguana is moderately wounded.
The iguana barely misses you.
You claw the iguana!
The iguana is almost dead.
The iguana bites you!
Ouch! That really hurt!
You die...

▓.▓
▓.▓
▓.▓
▓)▓
▓†▓
▓.▓
▓.▓
▓.▓
▓h▓
▓l▓
▓W▓
▓o▓
▓h▓
▓.▓
▓.▓
▓+▓


You could see a phantom, an iguana, a hound and an orc.

Vanquished Creatures
  An adder (D)
  A goblin (D)
  2 hobgoblins (D)
  2 rats (D)
6 creatures vanquished.

Notes
Turn   | Place    | Note
-------+----------+-------------------------------------------
     0 | D        | rocky1 the Troll Shapeshifter began the quest for the Orb.
     0 | D        | Reached XP level 1. HP: 18/18 MP: 0/0
    15 | D        | Reached skill level 4 in Shapeshifting
    31 | D        | Noticed an iguana
    31 | D        | Noticed a phantom
    31 | D        | Noticed a hound
    38 | D        | Reached XP level 2. HP: 18/26 MP: 1/1
    45 | D        | Slain by an iguana

Illustrated notes

Levels and vault maps discovered:
D:        linesprint [early_d, line_temple, items_1, d_10, items_2, lair_1,
          lair_end, items_3, orc_1, orc_end, items_4, d_15, swamp_1, shoals_1,
          snake_1, spider_1, d_20, vaults_1, items_5, swamp_end, shoals_end,
          snake_end, spider_end, vaults_end, d_27, items_6, zot_1, zot_end,
          crypt_end, forest_end, elf_end, slime_end, tomb_end, abyss_end,
          pan_hell_end]

Skill      XL: |  1 |
---------------+----+-----
Shapeshifting  | 4 |  4.6
Fighting       | |  0.8
Dodging        | |  1.8
Unarmed Combat | |  3.8

Action                     || total
---------------------------++-------
  Melee: Unarmed           ||    29
 Armour: Animal skin       ||    16
  Dodge: Dodged            ||     9

Table legend: (Time is in decaauts)
 A = Elapsed time spent in this place.
 B = Non-inter-level travel time spent in this place.
 C = Inter-level travel time spent in this place.
 D = Time resting spent in this place.
 E = Time spent auto-exploring this place.
 F = Levels seen in this place.
 G = Mean time per level.
                   A        B        C        D        E       F      G
               +--------+--------+--------+--------+--------+-----+--------+
         Total |     43 |     43 |      0 |      6 |      0 |   1 |   43.0 |
       Dungeon |     43 |     43 |      0 |      6 |      0 |   1 |   43.0 |
               +--------+--------+--------+--------+--------+-----+--------+

Top non-repeatable levels by time:
       D: 43 daAuts
